 Dungeon Crawl Stone Soup version 0.31-a0-435-g2c6fae2916 (webtiles) character file.

Game seed: 14752880377307922541

81 lunkers the Insei (level 5, -2/60 HPs)
             Began as a Meteoran Shapeshifter on Aug 1, 2023.
             Slain by a scorpion (4 damage)
             ... on level 3 of the Dungeon.
             The game lasted 00:02:12 (758 turns).

lunkers the Insei (Meteoran Shapeshifter)            Turns: 758, Time: 00:02:13

Health: -2/60      AC: 22    Str: 16    XL:     5   Next: 0%
Magic:  6/6        EV:  2    Int:  9    God:
Gold:   80         SH:  0    Dex: 17    Spells: 4/4 levels left

rFire   . .          .
                       - Unarmed
rCold   . . .        (no shield)
rNeg    . . .        a - melded +0 animal skin
rPois   +            (helmet currently unavailable)
rElec   .            (cloak currently unavailable)
rCorr   .            (gloves currently unavailable)
SInv    .            (boots currently unavailable)
Will    .....        (no amulet)
Stlth   +            (no ring)
HPRegen 0.30/turn    (no ring)
MPRegen 0.10/turn

%: no passive effects
@: lethally poisoned (-2 -> -17), tree-form, glowing
A: stationary, stasis, torment immunity, boosted hp, sense surroundings 1,
otherworldly, glowing, explore regen
a: no special abilities


You were on level 3 of the Dungeon.
You were a tree.
You visited 1 branch of the dungeon, and saw 4 of its levels.

You collected 80 gold pieces.

Inventory:

Armour
 a - a +0 animal skin (melded)
 j - a +0 pair of gloves
 m - the +4 chain mail of the Game of Kings {*Slow Regen+ Int+3}
   (You found it on level 3 of the Dungeon)

   Int:       It affects your intelligence (+3).
   Regen:     It increases your rate of health regeneration.
   *Slow:     It may slow you when you take damage.
Talismans
 c - a beast talisman
Scrolls
 d - a scroll of identify {unknown}
 f - a scroll of teleportation {unknown}
 g - a scroll of blinking {unknown}
 i - a scroll of enchant armour {unknown}
 l - a scroll of poison {unknown}
Potions
 b - a potion of lignification
 e - a potion of brilliance {unknown}
 h - a potion of curing {unknown}
 k - a potion of heal wounds {unknown}


   Skills:
 - Level 1.1 Fighting
 - Level 2.4 Dodging
 * Level 5.4 Unarmed Combat
 + Level 4.3 Shapeshifting


You had 4 spell levels left.
You didn't know any spells.
Your spell library was empty.

Dungeon Overview and Level Annotations

Branches:
Dungeon (4/15) Zot: 1648
 Temple: D:4-7

Altars:

Annotations:
D:2 Jessica


Innate Abilities, Weirdness & Mutations

You are a tree.
Your roots penetrate the ground, keeping you stationary.
You cannot be teleported.
You are immune to unholy pain and torment.
Your maximum health is greatly increased.
Your equipment is partially melded.
You passively map a small area around you.
You are easily found by Zot.
You glow in the dark.
You regain HP and MP as you explore.


Message History

The scorpion stings you.
You hit the scorpion. Your punch misses the scorpion.
The scorpion is lightly wounded.
You feel sick. The scorpion barely misses you.
You closely miss the scorpion.
The scorpion is lightly wounded.
You feel sick. The scorpion completely misses you.
You closely miss the scorpion.
The scorpion is lightly wounded.
You feel sick. The scorpion stings you!
* * * LOW HITPOINT WARNING * * *
You are more poisoned.
The scorpion poisons you!
You hit the scorpion.
The scorpion is heavily wounded.
You feel very sick. The scorpion misses you.
Unknown command.
You barely miss the scorpion.
The scorpion is heavily wounded.
You feel very sick. The scorpion stings you!
* * * LOW HITPOINT WARNING * * *
You hit the scorpion.
The scorpion is almost dead.
* * * LOW HITPOINT WARNING * * *
You feel sick. The scorpion stings you.
* * * LOW HITPOINT WARNING * * *
Unknown command.
Really quaff the potion of lignification?
Your transformation has ended.
You turn into a tree.
Your +0 animal skin melds into your body.
Your roots penetrate the ground.
* * * LOW HITPOINT WARNING * * *
You feel sick. The scorpion stings you.
* * * LOW HITPOINT WARNING * * *
You are more poisoned.
The scorpion poisons you! The scorpion stings you.
You die... , , .. ,, .PPP

* ############.P.
.<..........P , *
#.........# ,
#.........#,
###....>.s..#, *
#.......♣...#, , *
..#..<......#
,,#####.........#
###,###..##.........#
..###....'...........P
###[.....'...####..#...
,, , # ###....'†..#,
,.......
##.####..#...#,,
....... , ...##
####...#, , .... , ,


You could see a scorpion.

Vanquished Creatures
  A sleepcap (D:3)
  3 adders (D:3)
  A dart slug (D:1)
  2 endoplasms (D:3)
  A giant cockroach (D:1)
  2 goblins
  3 hobgoblins
  3 jackals (D:3)
  A quokka (D:4)
  A ball python (D:3)
  4 bats
  A frilled lizard (D:1)
  3 kobolds
  2 rats (D:1)
28 creatures vanquished.

Notes
Turn   | Place    | Note
-------+----------+-------------------------------------------
     0 | D:1      | lunkers the Meteoran Shapeshifter began the quest for the
                  | Orb.
     0 | D:1      | Reached XP level 1. HP: 16/16 MP: 2/2
   161 | D:1      | Reached skill level 4 in Unarmed Combat
   161 | D:1      | Reached XP level 2. HP: 21/23 MP: 3/3
   338 | D:2      | Noticed Jessica
   338 | D:2      | You fall into a shaft and drop 2 floors!
   562 | D:3      | Reached XP level 3. HP: 27/28 MP: 4/4
   661 | D:3      | Reached XP level 4. HP: 9/35 MP: 5/5
   662 | D:3      | Reached skill level 5 in Unarmed Combat
   713 | D:3      | Identified the +4 chain mail of the Game of Kings {*Slow
                  | Regen+ Int+3}
   728 | D:3      | Reached XP level 5. HP: 20/40 MP: 6/6
   758 | D:3      | HP: 2/60 [scorpion (3)]
   758 | D:3      | Slain by a scorpion

Illustrated notes

Levels and vault maps discovered:
D:1:      dpeg_arrival_fog, layout_loops_cross, minmay_pentomino_z2
D:2:      layout_rooms, serial_forest, infiniplex_forest_split,
          infiniplex_forest_lined_room_, infiniplex_forest_straight_5,
          infiniplex_forest_end_1, infiniplex_forest_clump_tiny,
          infiniplex_forest_clump_curved, infiniplex_forest_clump_tiny,
          uniq_jessica
D:3:      layout_rooms, chequers_temple_overflow_minitemple, minmay_hedge_maze,
          hellmonk_no_cap
D:4:      layout_loops_cross

Skill      XL: |  1  2  3  4 |
---------------+-------------+-----
Unarmed Combat | 4 5 |  5.4
Shapeshifting  | 4 |  4.3
Fighting       | |  1.1
Dodging        | |  2.4

Action                     |  1- 3 |  4- 6 || total
---------------------------+-------+-------++-------
  Melee: Unarmed           |    62 |    21 ||    83
         Punch             |     1 |     1 ||     2
    Use: Potion            |       |     1 ||     1
 Armour: Animal skin       |    12 |     2 ||    14
  Dodge: Dodged            |    39 |    15 ||    54

Table legend: (Time is in decaauts)
 A = Elapsed time spent in this place.
 B = Non-inter-level travel time spent in this place.
 C = Inter-level travel time spent in this place.
 D = Time resting spent in this place.
 E = Time spent auto-exploring this place.
 F = Levels seen in this place.
 G = Mean time per level.
                   A        B        C        D        E       F      G
               +--------+--------+--------+--------+--------+-----+--------+
         Total |    750 |    699 |     51 |      0 |    499 |   4 |  187.5 |
       Dungeon |    750 |    699 |     51 |      0 |    499 |   4 |  187.5 |
               +--------+--------+--------+--------+--------+-----+--------+

Top non-repeatable levels by time:
     D:1: 336 daAuts
     D:3: 248 daAuts
     D:4: 165 daAuts
